 Dungeon Crawl Stone Soup version 0.19.1 (webtiles) character file.

77 Host24 the Sneak (level 4, -2/28 HPs)
             Began as a Kobold Assassin on Dec 23, 2016.
             Killed by nerve-wracking pain
             ... invoked by a shadow imp
             ... summoned by Natasha
              (8 damage)
             ... on level 2 of the Dungeon.
             The game lasted 00:04:23 (1504 turns).

Host24 the Sneak (Kobold Assassin)                  Turns: 1504, Time: 00:04:24

Health: -2/28      AC:  3    Str:  8    XL:     4   Next: 60%
Magic:  4/4        EV: 15    Int: 12    God:
Gold:   13         SH:  0    Dex: 17    Spells: 0 memorised, 3 levels left

rFire  . . .     SeeInvis .     a - +2 dagger
rCold  . . .     Gourm    .     c - +0 robe
rNeg   . . .     Faith    .     (shield restricted)
rPois  .         Spirit   .     (no helmet)
rElec  .         Reflect  .     d - +0 cloak
rCorr  .         Harm     .     (no gloves)
MR     .....                    (no boots)
Stlth  +++.......               (no amulet)
                                (no ring)
                                (no ring)

@: no status effects
A: carnivore 3
a: no special abilities


You were on level 2 of the Dungeon.
You were very full.

You visited 1 branch of the dungeon, and saw 2 of its levels.

You collected 13 gold pieces.

Inventory:

Hand Weapons
 a - a +2 dagger (weapon)
 b - a +0 blowgun
 l - a +0 vampiric whip
 p - a +0 mace
 q - a +0 short sword
Missiles
 f - a curare-tipped needle
 j - 35 bolts
 k - 22 stones (quivered)
 m - 14 arrows
Armour
 c - a +0 robe (worn)
 d - a +0 cloak (worn)
Jewellery
 n - a +3 amulet of reflection {unknown}
 s - an uncursed ring of positive energy {unknown}
Wands
 t - a wand of digging (11/24)
Scrolls
 h - a scroll of enchant weapon {unknown}
 o - a scroll of amnesia {unknown}
 r - a scroll of noise {unknown}
Potions
 i - a potion of invisibility {unknown}
Comestibles
 g - a meat ration


   Skills:
 + Level 3.2 Fighting
 - Level 3.2 Short Blades
 - Level 3.4 Throwing
 - Level 2.2 Dodging
 - Level 5.3 Stealth


You had 3 spell levels left.
You didn't know any spells.

Dungeon Overview and Level Annotations

Branches:
Dungeon (2/15)

Altars:
Zin

Annotations:
D:2 Natasha


Innate Abilities, Weirdness & Mutations

You are small and have problems with some larger weapons.
You are carnivorous and can eat meat at any time.


Message History

Aim: Natasha (heavily wounded)
You shoot a poisoned needle. The poisoned needle hits Natasha!
Natasha is poisoned.
Natasha is heavily wounded.
Natasha misses you.
The crimson imp blinks!
Natasha claws you.
* * * LOW HITPOINT WARNING * * *
Natasha mumbles some strange words.
Firing (i - inventory. (,) - cycle):
f - 2 curare-tipped needles (quivered)
Press: ? - help, Shift-Dir - straight line, f/p - Natasha
Aim: Natasha (severely wounded, poisoned)
You shoot a curare-tipped needle.
The curare-tipped needle hits the shadow imp.
The crimson imp blinks!
Wield which item (- for none, * to show all)? (? for menu, Esc to quit)
a - a +2 dagger (weapon)
The crimson imp blinks!
The shadow imp gestures at you. Pain shoots through your body!
You die...

#########
############.....h.####
#..........ยง....@5.(.(#
#.####.#.#....#######.(.#
....##.#....### ##....#
.....#.#..### #..(
#.#.......# .(
#.##.#.#..# . #....#.#..#
#.##.#....# #.........#


You could see Natasha and a shadow imp.

Vanquished Creatures
  Jessica (D:2)
  A worm (D:2)
  2 dart slugs (D:2)
  A leopard gecko (D:1)
  4 goblins
  7 hobgoblins
  4 jackals (D:2)
  A quokka (D:2)
  8 bats
  2 frilled lizards (D:1)
  5 kobolds
  7 rats
43 creatures vanquished.

Notes
Turn   | Place    | Note
-------+----------+-------------------------------------------
     0 | D:1      | Host24 the Kobold Assassin began the quest for the Orb.
     0 | D:1      | Reached XP level 1. HP: 12/12 MP: 1/1
   297 | D:1      | Reached XP level 2. HP: 17/17 MP: 2/2
   659 | D:1      | Reached XP level 3. HP: 19/22 MP: 3/3
  1046 | D:2      | Noticed Jessica
  1070 | D:2      | Killed Jessica
  1070 | D:2      | Reached XP level 4. HP: 19/28 MP: 4/4
  1081 | D:2      | Found a glowing silver altar of Zin.
  1481 | D:2      | Noticed Natasha
  1504 | D:2      | Killed from afar by a shadow imp

Skill      XL: |  1  2  3 |
---------------+----------+-----
Dodging        | 2 |  2.2
Short Blades   | 3 |  3.2
Fighting       | 3 |  3.2
Throwing       | 3 |  3.4
Stealth        | |  5.3

Action                   |  1- 3 |  4- 6 || total
-------------------------+-------+-------++-------
Melee: Dagger            |    99 |    46 ||   145
 Fire: Blowgun           |     4 |     8 ||    12
 Stab: Sleeping          |    11 |       ||    11
  Eat: Chunk             |     9 |       ||     9
Armor: Robe              |    10 |     5 ||    15
Dodge: Dodged            |    69 |    43 ||   112
